 Dungeon Crawl Stone Soup version 0.31.0-32-g396128a36d (webtiles) character file.

Game seed: 6619452382477287611

1057 imdaedric the Magician (level 8, -1/41 HPs)
             Began as a Deep Elf Conjurer on Apr 8, 2024.
             Was a Follower of Sif Muna.
             Slain by a sky beast (6 damage)
             ... on level 6 of the Dungeon.
             The game lasted 00:16:28 (6113 turns).

imdaedric the Magician (Deep Elf Conjurer)          Turns: 6113, Time: 00:16:28

Health: -1/41      AC:  2    Str:  4    XL:     8   Next: 6%
Magic:  20/20      EV: 13    Int: 26    God:    Sif Muna [*.....]
Gold:   248        SH:  0    Dex: 13    Spells: 10/21 levels left

rFire   . . .        t - staff of conjuration
rCold   . . .        (no shield)
rNeg    . . .        a - +0 robe
rPois   .            (no helmet)
rElec   .            (no cloak)
rCorr   .            (no gloves)
SInv    .            (no boots)
Will    .....        (no amulet)
Stlth   +            (no ring)
HPRegen 0.26/turn    (no ring)
MPRegen 0.17/turn

%: no passive effects
@: silenced
A: no striking features
a: Renounce Religion


You were on level 6 of the Dungeon.
You worshipped Sif Muna.
Sif Muna was aware of your devotion.
You visited 2 branches of the dungeon, and saw 7 of its levels.

You collected 248 gold pieces.

Inventory:

Hand Weapons
 c - a +1 dagger
Armour
 a - a +0 robe (worn)
 e - a +1 robe of willpower
 p - the +3 buckler "Ruadebba" {-Tele Int+2 Dex+3}
   (You found it on level 3 of the Dungeon)

   Int+2:     It affects your intelligence (+2).
   Dex+3:     It affects your dexterity (+3).
   -Tele:     It prevents most forms of teleportation.
Magical Staves
 t - a staff of conjuration (weapon)
Jewellery
 q - an amulet of reflection
Wands
 i - a wand of light (20)
Scrolls
 d - 2 scrolls of poison
 f - a scroll of enchant weapon
 k - a scroll of teleportation {unknown}
 l - a scroll of brand weapon {unknown}
 n - a scroll of noise
 s - a scroll of fog {unknown}
 u - a scroll of blinking {unknown}
Potions
 b - a potion of magic
 h - 2 potions of cancellation
 j - 2 potions of heal wounds {unknown}
 m - 2 potions of enlightenment {unknown}
 r - a potion of brilliance {unknown}


   Skills:
 - Level 3.2 Dodging
 - Level 2.4 Stealth
 * Level 7.2 Spellcasting
 * Level 7.0 Conjurations
 * Level 4.2 Translocations
 * Level 4.2 Alchemy


You had 10 spell levels left.
You knew the following spells:

 Your Spells              Type           Power      Damage    Failure   Level
a - Magic Dart            Conj           100%       1d8       1%          1
s - Fulminant Prism       Conj/Alch      27%        3d14      6%          4
x - Searing Ray           Conj           100%       2d8       1%          2
z - Iskenderun's Mystic   Conj/Tloc      55%        2d12      6%          4

Your spell library contained the following spells:

 Spells                   Type           Power      Damage    Failure   Level


Dungeon Overview and Level Annotations

Branches:
Dungeon (6/15)             Temple (1/1) D:4

Altars:
Elyvilon
Hepliaklqana
Kikubaaqudgha
Makhleb
Okawaru
Qazlal
Ru
Sif Muna
Trog
Uskayaw
Wu Jian
Xom
Zin
The Shining One

Shops:
D:4 *


Message History

Unknown command.
Unknown command.
Unknown command.
Unknown command.
Unknown command.
Things that are here:
a +4 mace; a +0 robe
Found a scroll of poison.
Things that are here:
a +0 hand axe; a +1 robe of willpower
e - a +1 robe of willpower
Found 5 poisoned darts and 16 gold pieces.
A centaur comes into view.
The centaur shouts!
The centaur wields a +0 shortbow.
The centaur shoots an arrow.
The arrow hits you!
The centaur shoots an arrow.
The arrow completely misses you.
A sky beast comes into view.
As you read the scroll labelled YHYNEYXZET, it crumbles to dust.
A profound silence engulfs you.
It was a scroll of silence.
The centaur shoots an arrow.
The arrow hits you!
Found 11 gold pieces.
Magic scrolls do not work when you're silenced!
Found a scroll of identify.
The sky beast barely misses you.
The centaur shoots an arrow.
The arrow misses you.
The centaur shoots an arrow.
The arrow hits you!
* * * LOW HITPOINT WARNING * * *
A jelly comes into view.
The centaur shoots an arrow.
The arrow barely misses you.
Found a scroll labelled BINUKHLA HEICO and 9 gold pieces.
The sky beast flickers out of sight!
Deactivating autopickup; reactivate with Ctrl-A.
The centaur shoots an arrow.
Found 6 javelins, a fizzy inky potion and 13 gold pieces.
The centaur shoots an arrow.
The arrow barely misses you.
The centaur shoots an arrow.
The arrow misses you. Something hits you.
* * * LOW HITPOINT WARNING * * *
Something shocks you.
You die...

.... #. .... .## #... ...
# .#... ###.### .#
......#..$..#..#
.......#.$...#..#
........!(?.?..# ..$.
#@....# .. .... #.....#
... ###.#####.###
.......#8...8#.....#
........#.....#.....#.
............8...........⌠
.?.......#.....#.....#.⌠.
....c....#8...8#.....#....
.........###c#####.### #.#


There were no monsters in sight!

Vanquished Creatures
  Sigmund (D:4)
  A kobold brigand (D:5)
  A scorpion (D:5)
  5 wights (D:6)
  2 hounds
  An orc priest (D:4)
  2 iguanas (D:5)
  2 sleepcaps
  2 orc wizards (D:4)
  Robin (D:2)
  9 adders
  4 ufetubi (D:5)
  3 dart slugs
  4 ribbon worms
  12 orcs (D:4)
  5 bats
  8 endoplasms
  6 giant cockroaches
  18 goblins
  9 hobgoblins
  8 jackals
  15 kobolds
  3 quokkas
  8 ball pythons
  6 frilled lizards
  7 rats
143 creatures vanquished.

Vanquished Creatures (others)
  6 fulminant prisms
6 creatures vanquished.

Grand Total: 149 creatures vanquished

Notes
Turn   | Place    | Note
-------+----------+-------------------------------------------
     0 | D:1      | imdaedric the Deep Elf Conjurer began the quest for the
                  | Orb.
     0 | D:1      | Reached XP level 1. HP: 10/10 MP: 6/6
   228 | D:1      | Reached XP level 2. HP: 15/15 MP: 6/8
   232 | D:1      | Learned a level 2 spell: Searing Ray
   788 | D:1      | Reached XP level 3. HP: 19/19 MP: 5/10
   999 | D:2      | Noticed Robin
  1290 | D:2      | Reached skill level 5 in Conjurations
  1373 | D:2      | Killed Robin
  1470 | D:2      | Reached XP level 4. HP: 24/24 MP: 6/12
  2110 | D:2      | Learned a level 4 spell: Fulminant Prism
  2115 | D:2      | Learned a level 4 spell: Iskenderun's Mystic Blast
  2974 | D:3      | Reached XP level 5. HP: 20/28 MP: 1/14
  2975 | D:3      | Reached skill level 5 in Spellcasting
  3097 | D:3      | Reached skill level 1 in Translocations
  3113 | D:3      | Reached skill level 1 in Alchemy
  3196 | D:3      | Identified the +3 buckler "Ruadebba" {-Tele Int+2 Dex+3}
  3783 | D:4      | Found a glowing silver altar of Zin.
  3786 | D:4      | Found Zin's Purification Station.
  3830 | D:4      | Noticed Sigmund
  3835 | D:4      | Killed Sigmund
  3836 | D:4      | Reached XP level 6. HP: 32/32 MP: 8/16
  4639 | D:4      | Found a staircase to the Ecumenical Temple.
  4687 | Temple   | Entered the Ecumenical Temple
  4730 | Temple   | Became a worshipper of Sif Muna the Loreminder
  4849 | D:4      | Identified the +6 dagger "Mucvigoa" {protect, rF+ Int-4
                  | Dex+3}
  5103 | D:5      | Entered Level 5 of the Dungeon
  5159 | D:5      | Reached XP level 7. HP: 33/36 MP: 10/18
  5559 | D:5      | Reached * piety under Sif Muna
  5924 | D:6      | Reached XP level 8. HP: 41/41 MP: 3/20
  6090 | D:6      | Noticed a cyclops
  6113 | D:6      | Slain by a sky beast

Illustrated notes

Levels and vault maps discovered:
D:1:      tekkud_arrival_beachfront_property, layout_basic
D:2:      layout_basic, serial_co_window_serial, co_window_paths_a,
          co_window_corner_a, co_window_paths_b, co_window_paths_b,
          co_window_corner_a, co_window_corner_a, co_window_of_opportunity_a,
          co_window_paths_c, co_window_broadway_a, co_window_cross_4,
          co_window_corner_cb, co_window_of_opportunity_b, glass_columns_a,
          glass_columns_a, glass_columns_a, glass_columns_a, serial_park_tiny_2,
          kennysheep_small_spiral, uniq_robin
D:3:      layout_loops_ring, mrwooster_statue_mirror, minmay_misc_feat_roman,
          minmay_increasing_density
D:4:      layout_loops_ring, zin_purify, temple_green, uniq_sigmund
D:5:      layout_loops_ring, mainiacjoe_overflow_24_doors,
          nemelex_xobeh_ov_fountains_minmay
D:6:      layout_cave_pools, grunt_ministairs_11,
          eino_small_chamber_without_monster, grunt_decor_junction,
          minmay_chambers_of_fives, uniq_maggie
Temple:   oiseaux_autumnal_temple

Skill      XL: |  1  2  3  4  5  6  7 |
---------------+----------------------+-----
Spellcasting   | 4 5 6 7 |  7.2
Dodging        | 3 |  3.2
Conjurations   | 5 6 7 |  7.0
Translocations | 2 4 |  4.2
Alchemy        | 2 3 4 |  4.2
Stealth        | |  2.4

Action                     |  1- 3 |  4- 6 |  7- 9 || total
---------------------------+-------+-------+-------++-------
  Melee: Unarmed           |     9 |       |       ||     9
         Dagger            |     3 |       |       ||     3
   Cast: Magic Dart        |    75 |    96 |     8 ||   179
         Searing Ray       |     2 |    26 |    13 ||    41
         Fulminant Prism   |       |     2 |     4 ||     6
         Iskenderun's Myst |       |       |     2 ||     2
    Use: Scroll            |       |     2 |     4 ||     6
         Potion            |       |       |     1 ||     1
 Armour: Robe              |    16 |    14 |    18 ||    48
  Dodge: Dodged            |    22 |    15 |    18 ||    55
